 Dungeon Sprint DCSS version 0.29-a0-824-gd827844252 (webtiles) character file.

Game seed: 6653312295590542690

450 mhtbhm the Protected (level 7, -1/48 HPs)
             Began as a Gargoyle Fighter on July 10, 2022.
             Was a High Priest of Trog.
             Killed from afar by Duvessa (10 damage)
             ... with a bolt of light
             ... in the Dungeon (Sprint VII: "The Pits").
             The game lasted 00:01:30 (851 turns).

mhtbhm the Protected (Gargoyle Fighter)              Turns: 851, Time: 00:01:31

Health: -1/48      AC: 21    Str: 22    XL:     7   Next: 4%
Magic:  7/7        EV: 11    Int:  8    God:    Trog [*****.]
Gold:   0          SH:  0    Dex:  9    Spells: 6/6 levels left

rFire   . . .      SeeInvis .   a - +1 mace (protect)
rCold   . . .      Faith    .   c - +0 buckler
rNeg    + . .      Spirit   .   b - +3 ring mail
rPois   ∞          Reflect  .   (no helmet)
rElec   +          Harm     .   (no cloak)
rCorr   .          Rampage  .   (no gloves)
Will    .....      NoTele   +   (no boots)
Stlth   ..........              (no amulet)
HPRegen 0.16/turn               (no ring)
MPRegen 0.10/turn               (no ring)

@: confused, under a protective aura
A: sickness immunity, AC +4, negative energy resistance 1, electricity
resistance, torment resistance 1, petrification resistance
a: Renounce Religion, Berserk, Trog's Hand, Brothers in Arms


You were in the Dungeon.
You worshipped Trog.
Trog was extremely pleased with you.
You visited 1 branch

Inventory:

Hand Weapons
 a - a +1 mace of protection (weapon)
Armour
 b - a +3 ring mail (worn)
 c - a +0 buckler (worn)
Scrolls
 j - a scroll of blinking
 l - a scroll of summoning
Potions
 d - a potion of might
 e - 5 potions of curing
 f - 5 potions of heal wounds
 g - a potion of haste
 h - 4 potions of magic
 i - 3 potions of berserk rage
 k - 2 potions of invisibility


   Skills:
 + Level 7.9 Fighting
 + Level 7.6 Maces & Flails
 + Level 8.9 Armour
 + Level 3.3 Dodging
 + Level 7.6 Shields


You had 6 spell levels left.
You didn't know any spells.
Your spell library was empty.

Dungeon Overview and Level Annotations

Branches:
Dungeon (1/1)

Altars:
Cheibriados
Dithmenos
Elyvilon
Fedhas
Gozag
Hepliaklqana
Makhleb
Nemelex Xobeh
Okawaru
Qazlal
Ru
Sif Muna
Trog
Vehumet
Wu Jian
Xom
Yredelemnul
Zin
The Shining One
Jiyva
Lugonu

Annotations:
D Duvessa


Innate Abilities, Weirdness & Mutations

You are immune to sickness and miasma.
Your stone body is resilient. (AC +4)
You are immune to poison.
You resist negative energy. (rN+)
You are resistant to electric shocks. (rElec)
You are resistant to unholy torment.
You are immune to petrification.


Message History

Duvessa, Sister of Dowan comes into view.
She is wielding a +3 vampiric rapier and carrying a wand of light (8).
Duvessa shouts!
You hit Duvessa.
Your weapon exudes an aura of protection.
Duvessa is lightly wounded.
Duvessa hits you but does no damage.
You sock Duvessa!
Duvessa is moderately wounded.
Duvessa zaps a wand.
The bolt of light hits you!
You thump Duvessa!
Duvessa is heavily wounded.
Duvessa zaps a wand.
The bolt of light hits you!!
You are confused.
You hit Duvessa.
Duvessa is severely wounded.
Duvessa hits you with a +3 vampiric rapier.
You're too confused to move!
Duvessa barely misses you.
You feel less confused.
You completely miss Duvessa.
Duvessa is severely wounded.
Duvessa gestures with her weapon.
Duvessa hits you but does no damage.
You hit Duvessa but do no damage.
Duvessa is severely wounded.
Duvessa hits you but does no damage.
You hit Duvessa but do no damage.
Duvessa is severely wounded.
Duvessa zaps a wand.
The bolt of light misses you.
You completely miss Duvessa.
Duvessa is severely wounded.
Duvessa zaps a wand.
The bolt of light hits you!
* * * LOW HITPOINT WARNING * * *
You closely miss Duvessa.
Duvessa is severely wounded.
Duvessa hits you but does no damage.
You hit Duvessa.
Duvessa is severely wounded.
Duvessa zaps a wand.
The bolt of light hits you!
You are confused.
You die...

#.#........##.......#
#)#........##.......#
#)###########.......#
#...)...# #########
#..#.#..# #.##.##.#
#.......# #.##.##.#
#..#.#@e#+#
#.......'.#
###########


You could see Duvessa.

Vanquished Creatures
  3 floating eyes (D)
  A gnoll bouda (D)
  An orc wizard (D)
  An adder (D)
  6 gnolls (D)
  A river rat (D)
  An ufetubus (D)
  2 orcs (D)
  A hobgoblin (D)
  3 jackals (D)
  A quokka (D)
  A ball python skeleton (D)
  2 goblins (D)
  A kobold (D)
25 creatures vanquished.

Notes
Turn   | Place    | Note
-------+----------+-------------------------------------------
     0 | D        | mhtbhm the Gargoyle Fighter began the quest for the Orb.
     0 | D        | Reached XP level 1. HP: 14/14 MP: 1/1
    25 | D        | Reached skill level 4 in Armour
    25 | D        | Reached XP level 2. HP: 8/20 MP: 2/2
   120 | D        | Found a bloodstained altar of Trog.
   120 | D        | Found a shimmering blue altar of Sif Muna.
   120 | D        | Found a viscous altar of Jiyva.
   120 | D        | Found a hazy altar of Hepliaklqana.
   120 | D        | Found an opulent altar of Gozag.
   121 | D        | Found a glowing golden altar of the Shining One.
   121 | D        | Found a glowing silver altar of Zin.
   121 | D        | Found a basalt altar of Yredelemnul.
   121 | D        | Found a shimmering altar of Xom.
   121 | D        | Found an ornate altar of the Wu Jian Council.
   121 | D        | Found a sacrificial altar of Ru.
   121 | D        | Found a stormy altar of Qazlal.
   121 | D        | Found an iron altar of Okawaru.
   121 | D        | Found a sparkling altar of Nemelex Xobeh.
   121 | D        | Found a burning altar of Makhleb.
   121 | D        | Found a blossoming altar of Fedhas.
   121 | D        | Found a white marble altar of Elyvilon.
   121 | D        | Found a shadowy altar of Dithmenos.
   121 | D        | Found a snail-covered altar of Cheibriados.
   124 | D        | Found a corrupted altar of Lugonu.
   124 | D        | Found a radiant altar of Vehumet.
   125 | D        | Became a worshipper of Trog the Wrathful
   243 | D        | Noticed a floating eye
   245 | D        | Paralysed by a floating eye for 3 turns
   251 | D        | Paralysed by a floating eye for 3 turns
   255 | D        | Killed a floating eye
   256 | D        | Reached skill level 6 in Armour
   256 | D        | Reached skill level 5 in Shields
   256 | D        | Reached XP level 3. HP: 14/28 MP: 3/3
   256 | D        | Reached XP level 4. HP: 17/32 MP: 4/4
   415 | D        | Reached * piety under Trog
   419 | D        | Reached XP level 5. HP: 32/37 MP: 5/5
   422 | D        | Reached ** piety under Trog
   423 | D        | Reached skill level 7 in Armour
   482 | D        | Reached *** piety under Trog
   648 | D        | Noticed a floating eye
   654 | D        | Killed a floating eye
   654 | D        | Noticed a floating eye
   655 | D        | Reached skill level 5 in Maces & Flails
   655 | D        | Reached skill level 8 in Armour
   655 | D        | Reached XP level 6. HP: 44/44 MP: 6/6
   655 | D        | Reached **** piety under Trog
   660 | D        | Paralysed by a floating eye for 4 turns
   699 | D        | Reached ***** piety under Trog
   706 | D        | Received a gift from Trog
   715 | D        | Paralysed by a floating eye for 3 turns
   718 | D        | Killed a floating eye
   719 | D        | Reached XP level 7. HP: 47/48 MP: 7/7
   839 | D        | Noticed Duvessa
   851 | D        | Killed from afar by Duvessa

Illustrated notes

Levels and vault maps discovered:
D:        pitsprint [storerooms_1, entrance_room_1, metal_vault_7, armoury_2,
          mini_pit_1, grid_room_1, main_hall_1, silver_pit, the_coven_3,
          the_vestibule_1, steel_vault_4, golden_pit, hallway_of_sentries,
          crystal_vault_4, iron_vault_2, final_vault]

Skill      XL: |  1  2  3  4  5  6 |
---------------+-------------------+-----
Fighting       | 4 6 7 |  7.9
Armour         | 4 6 8 |  8.9
Maces & Flails | 3 5 7 |  7.6
Shields        | 5 6 7 |  7.6
Dodging        | 2 3 |  3.3

Action                   |  1- 3 |  4- 6 |  7- 9 || total
-------------------------+-------+-------+-------++-------
Melee: Flail             |    11 |       |       ||    11
       Mace              |     7 |    85 |    12 ||   104
Invok: Berserk           |       |     1 |       ||     1
  Use: Potion            |       |     2 |       ||     2
Armor: Scale mail        |    15 |    27 |       ||    42
       Ring mail         |       |    34 |     4 ||    38
Dodge: Dodged            |     4 |    55 |     3 ||    62
Block: Buckler           |     2 |    27 |       ||    29

Table legend: (Time is in decaauts)
 A = Elapsed time spent in this place.
 B = Non-inter-level travel time spent in this place.
 C = Inter-level travel time spent in this place.
 D = Time resting spent in this place.
 E = Time spent auto-exploring this place.
 F = Levels seen in this place.
 G = Mean time per level.
                   A        B        C        D        E       F      G
               +--------+--------+--------+--------+--------+-----+--------+
         Total |    877 |    877 |      0 |    533 |     28 |   1 |  877.0 |
       Dungeon |    877 |    877 |      0 |    533 |     28 |   1 |  877.0 |
               +--------+--------+--------+--------+--------+-----+--------+

Top non-repeatable levels by time:
       D: 877 daAuts
